 Dungeon Crawl Stone Soup version 0.28.0-53-g5a82cb258f (webtiles) character file.

Game seed: 333392852543405169

49 DocClef the Chopper (level 3, -2/31 HPs)
             Began as a Minotaur Berserker on July 4, 2022.
             Was a Believer of Trog.
             Slain by Crazy Yiuf
             ... wielding a +4 quarterstaff of chaos
              (10 damage)
             ... on level 2 of the Dungeon.
             The game lasted 00:02:21 (2147 turns).

DocClef the Chopper (Minotaur Berserker)            Turns: 2147, Time: 00:02:21

Health: -2/31      AC:  3    Str: 23    XL:     3   Next: 51%
Magic:  2/2        EV: 12    Int:  4    God:    Trog [**....]
Gold:   60         SH:  0    Dex:  9    Spells: 2/2 levels left

rFire   . . .      SeeInvis .   a - +0 hand axe
rCold   . . .      Faith    .   (no shield)
rNeg    . . .      Spirit   .   b - +0 animal skin
rPois   .          Reflect  .   (helmet restricted)
rElec   .          Harm     .   (no cloak)
rCorr   .          Rampage  .   i - +0 pair of gloves
Will    .....                   (no boots)
Stlth   +.........              (no amulet)
HPRegen 0.10/turn               (no ring)
MPRegen 0.08/turn               (no ring)

@: lethally poisoned (-2 -> -9)
A: horns 2, retaliatory headbutt
a: Renounce Religion, Berserk, Trog's Hand


You were on level 2 of the Dungeon.
You worshipped Trog.
Trog was pleased with you.
You visited 1 branch of the dungeon, and saw 2 of its levels.

You collected 60 gold pieces.

Inventory:

Hand Weapons
 a - a +0 hand axe (weapon)
Armour
 b - a +0 animal skin (worn)
 i - a +0 pair of gloves (worn)
Jewellery
 g - a ring of fire
 j - an amulet of magic regeneration
 m - a ring of see invisible
Scrolls
 d - a scroll of summoning {unknown}
 e - a scroll of fog {unknown}
 f - a scroll of enchant weapon {unknown}
 h - a scroll of vulnerability {unknown}
 n - a scroll of fear {unknown}
Potions
 c - 2 potions of curing {unknown}
 k - a potion of heal wounds {unknown}
 l - a potion of flight {unknown}


   Skills:
 - Level 3.6 Fighting
 + Level 5.5 Axes
 - Level 2.4 Armour
 - Level 2.1 Dodging


You had 2 spell levels left.
You didn't know any spells.
Your spell library was empty.

Dungeon Overview and Level Annotations

Branches:
Dungeon (2/15)

Altars:

Shops:
D:1 =   D:2 *[[(

Annotations:
D:2 Crazy Yiuf


Innate Abilities, Weirdness & Mutations

You have a pair of horns on your head.
You reflexively headbutt those who attack you in melee.


Message History

A goblin is nearby!
The goblin shouts!
The goblin hits you with a +0 dagger.
You closely miss the goblin. The goblin hits you with a +0 dagger.
You barely miss the goblin. Your headbutt misses the goblin.
The goblin closely misses you.
You hit the goblin.
You kill the goblin!
Trog accepts your kill.
No target in view!
No target in view!
Crazy Yiuf shouts!
Crazy Yiuf cries, "Snurf pontify agre!"
Crazy Yiuf whimpers, "East infinity aubergine!"
You see here a +0 mace.
You see here a +0 mace.
Could not explore, unopened runed door.
Could not explore, unopened runed door.
Could not explore, unopened runed door.
Could not explore, unopened runed door.
You open the door. You hit Crazy Yiuf. Your headbutt misses Crazy Yiuf.
Crazy Yiuf is moderately wounded.
Crazy Yiuf barely misses you.
You hit Crazy Yiuf.
You headbutt Crazy Yiuf, but do no damage.
Crazy Yiuf is severely wounded.
Crazy Yiuf hits you with a +4 quarterstaff of chaos!
You are poisoned.
You hit Crazy Yiuf.
Crazy Yiuf is almost dead.
You feel very sick.
Crazy Yiuf hits you with a +4 quarterstaff of chaos.
You resist with some effort.
You hit Crazy Yiuf but do no damage.
Crazy Yiuf is almost dead.
* * * LOW HITPOINT WARNING * * *
You feel very sick.
Crazy Yiuf hits you with a +4 quarterstaff of chaos!
You die...

#.# #.# #.#### ##
#....# .# #.##.#### .#
♣♣♣♣♣##........ .# ###
♣♣♣.♣)....##.#### .#
#..)#♣))♣.......#.# .#
#..)g@♣♣♣♣........# .#
#)).#♣♣ ♣♣.....### ##
.# ### ♣♣##.## ##. .#
#.# #.. .# #.# ##.≈ ##
### ##### ##'## #..≈ #
#.####.#.# ##...###..≈
### #........#
##.....##... ..##
#####..#####.........#.


You could see Crazy Yiuf.

Vanquished Creatures
  A dart slug (D:1)
  6 ball pythons
  10 endoplasms
  A giant cockroach (D:1)
  3 goblins
  4 hobgoblins
  A quokka (D:1)
  2 bats (D:1)
  4 frilled lizards
  6 kobolds
  4 rats
42 creatures vanquished.

Notes
Turn   | Place    | Note
-------+----------+-------------------------------------------
     0 | D:1      | DocClef the Minotaur Berserker began the quest for the Orb.
     0 | D:1      | Reached XP level 1. HP: 19/19 MP: 0/0
   151 | D:1      | Reached skill level 4 in Axes
   226 | D:1      | Reached XP level 2. HP: 25/26 MP: 1/1
   248 | D:1      | Found Xaclah's Jewellery Shop.
   864 | D:1      | Reached ** piety under Trog
   865 | D:1      | Reached skill level 5 in Axes
  1188 | D:2      | Reached XP level 3. HP: 30/31 MP: 2/2
  1327 | D:2      | Found Reila's Armour Emporium.
  1523 | D:2      | Found a runed translucent door.
  1524 | D:2      | Noticed Crazy Yiuf
  1545 | D:2      | Found Xazxoigh's Weapon Shoppe.
  1685 | D:2      | Found Goleo's Antique Armour Emporium.
  1818 | D:2      | Found Viff's Assorted Antiques.
  2147 | D:2      | Slain by Crazy Yiuf

Illustrated notes

Levels and vault maps discovered:
D:1:      dpeg_arrival_simpleton_b, layout_loops_ring, serial_shops, shop
D:2:      layout_loops_corners, serial_shops, nicolae_shop_window_shopping,
          shop, nicolae_lakefront_shop, nicolae_lakefront_shop,
          uniq_crazy_yiuf_cottage

Skill      XL: |  1  2 |
---------------+-------+-----
Axes           | 4 5 |  5.5
Fighting       | |  3.6
Armour         | |  2.4
Dodging        | |  2.1

Action                   || total
-------------------------++-------
Melee: Hand axe          ||    77
       Headbutt          ||     9
 Stab: Sleeping          ||     3
Armor: Animal skin       ||    10
Dodge: Dodged            ||    49
